 Dungeon Crawl Stone Soup version 0.29-a0-565-g7a16c6de65 (webtiles) character file.

Game seed: 2295403679193151886

44549 Bruhh the Brawler (level 13, -1/133 HPs)
             Began as a Troll Gladiator on June 12, 2022.
             Was a Believer of Trog.
             Slain by an orc warrior
             ... wielding a +0 glaive
              (11 damage)
             ... on level 10 of the Dungeon.
             The game lasted 00:26:23 (18086 turns).

Bruhh the Brawler (Troll Gladiator)                Turns: 18086, Time: 00:26:24

Health: -1/133     AC: 10    Str: 29    XL:     13   Next: 96%
Magic:  12/12      EV: 10    Int:  4    God:    Trog [**....]
Gold:   1196       SH:  0    Dex: 11    Spells: 12/12 levels left

rFire   + . .      SeeInvis .     - Unarmed
rCold   . . .      Faith    +   (no shield)
rNeg    . . .      Spirit   .   i - +1 steam dragon scales
rPois   .          Reflect  .   F - +2 hat
rElec   .          Harm     .   (no cloak)
rCorr   .          Rampage  .   (gloves unavailable)
Will    .....                   (boots unavailable)
Stlth   +.........              B - amulet of faith
HPRegen 1.12/turn               K - ring of protection from fire
MPRegen 0.13/turn               (no ring)

@: no status effects
A: large, unfitting armour, claws 3, regeneration 1, shaggy fur 1, tough skin 1
a: Renounce Religion, Berserk, Trog's Hand


You were on level 10 of the Dungeon.
You worshipped Trog.
Trog was pleased with you.
You visited 4 branches of the dungeon, and saw 19 of its levels.
You also visited: Bailey.

You collected 1460 gold pieces.
You spent 264 gold pieces at shops.

Inventory:

Missiles
 c - 3 throwing nets
 q - 4 large rocks
 w - 24 poisoned darts
 D - 11 javelins
 I - 4 boomerangs (quivered)
Armour
 a - a +0 robe
 b - a +0 hat
 i - +1 steam dragon scales (worn)
 F - a +2 hat (worn)
 J - +0 fire dragon scales
Jewellery
 B - an amulet of faith (around neck)
 K - a ring of protection from fire (left claw)
 L - a ring of magical power
 P - a ring of see invisible
 Q - a ring of positive energy
Wands
 d - a wand of digging (4)
 k - a wand of mindburst (26)
 v - a wand of polymorph (1)
 z - a wand of flame (50)
 H - a wand of iceblast (16)
Scrolls
 f - 5 scrolls of teleportation
 j - 3 scrolls of vulnerability
 m - 8 scrolls of fog
 n - 3 scrolls of magic mapping
 r - 5 scrolls of enchant weapon
 u - 3 scrolls of immolation
 x - 3 scrolls of poison
 y - 2 scrolls of amnesia
 G - 5 scrolls of identify
 O - a scroll of silence {unknown}
Potions
 e - 5 potions of haste
 g - 4 potions of attraction
 h - 2 potions of berserk rage
 l - 5 potions of degeneration
 o - 2 potions of ambrosia {unknown}
 p - a potion of mutation {unknown}
 s - 2 potions of magic {unknown}
 t - 6 potions of brilliance {unknown}
 A - 7 potions of flight
 E - a potion of cancellation {unknown}
Miscellaneous
 C - a phial of floods


   Skills:
 - Level 10.0 Fighting
 + Level 14.8 Throwing
 - Level 2.4 Dodging
 - Level 15.0 Unarmed Combat


You had 12 spell levels left.
You didn't know any spells.
Your spell library contained the following spells:

 Spells                   Type           Power      Damage    Failure   Level
 Apportation              Tloc           0%         N/A       50%         1
 Necrotize                Necr           0%         1d4       50%         1
 Sandblast                Erth           0%         2d4       50%         1
 Summon Small Mammal      Summ           0%         N/A       50%         1
 Ensorcelled Hibernation  Hex/Ice        0%         N/A       65%         2
 Passwall                 Tmut/Erth      0%         N/A       65%         2
 Call Canine Familiar     Summ           0%         N/A       86%         3
 Confusing Touch          Hex            0%         N/A       86%         3
 Ozocubu's Armour         Ice            0%         N/A       86%         3
 Portal Projectile        Hex/Tloc       0%         N/A       86%         3
 Spider Form              Tmut/Pois      0%         N/A       86%         3
 Stone Arrow              Conj/Erth      0%         3d7       86%         3
 Tukima's Dance           Hex            0%         N/A       86%         3
 Anguish                  Hex/Necr       0%         N/A       99%         4
 Animate Dead             Necr           0%         N/A       99%         4
 Leda's Liquefaction      Hex/Erth       0%         N/A       99%         4
 Passage of Golubria      Tloc           0%         N/A       99%         4
 Alistair's Intoxication  Tmut/Pois      0%         N/A       100%        5
 Borgnjor's Vile Clutch   Necr/Erth      0%         N/A       100%        5
 Metabolic Englaciation   Hex/Ice        0%         N/A       100%        5
 Yara's Violent Unravell  Hex/Tmut       0%         3d3       100%        5
 Death Channel            Necr           0%         N/A       100%        6
 Simulacrum               Ice/Necr       0%         N/A       100%        6
 Enfeeble                 Hex            0%         N/A       100%        7
 Haunt                    Necr/Summ      0%         N/A       100%        7
 Infestation              Necr           0%         N/A       100%        8
 Chain Lightning          Conj/Air       0%         N/A       100%        9
 Fire Storm               Conj/Fire      0%         5d1       100%        9
 Shatter                  Erth           0%         3d5*      100%        9


Dungeon Overview and Level Annotations

Branches:
Dungeon (11/15)            Temple (1/1) D:7            Lair (6/6) D:11
  Swamp (0/4) Lair:4       Spider (0/4) Lair:4        Slime (0/5) Lair:5
    Orc (1/2) D:10         Bailey (visited)

Altars:
Ashenzari
Cheibriados
Dithmenos
Elyvilon
Fedhas
Gozag
Hepliaklqana
Kikubaaqudgha
Makhleb
Nemelex Xobeh
Okawaru
Qazlal
Ru
Sif Muna
Trog
Uskayaw
Vehumet
Wu Jian
Xom
Yredelemnul
Zin
The Shining One

Shops:
D:7 (   D:8 !

Portals:
Trove: D:10 (give 5 potions of resistance)

Annotations:
D:4 2 transporters


Innate Abilities, Weirdness & Mutations

You are too large for most types of armour.
You have claws for hands.
Your natural rate of healing is unusually fast.
You are covered in fur. (AC +1)
You have tough skin. (AC +1)


Message History

The orc warrior hits you with a +0 glaive!
* * * LOW HITPOINT WARNING * * *
The orc wizard hits you with a +0 dagger.
* * * LOW HITPOINT WARNING * * *
There is a staircase back to the Dungeon, spattered with blood here.
Items here: ))) [[[.
Unknown command.
Unknown command.
The orc warrior barely misses you. The orc warrior closely misses you.
The orc barely misses you.
The orc wizard points at you and mumbles some strange words.
You easily resist.
The orc warrior completely misses you.
You climb upwards.
Welcome back to the Dungeon!
There is a staircase to the Orcish Mines here.
Unknown command.
Unknown command.
Unknown command.
Unknown command.
You scratch the orc warrior but do no damage.
You mangle the orc warrior!!
The orc warrior is severely wounded.
The orc warrior hits you with a +0 glaive.
* * * LOW HITPOINT WARNING * * *
The orc warrior hits you with a +0 battleaxe.
* * * LOW HITPOINT WARNING * * *
The orc closely misses you.
The orc wizard hits you but does no damage.
Okay, then.
You eviscerate the orc warrior!!!
You kill the orc warrior!
Trog accepts your kill.
The orc warrior hits you with a +0 glaive!
* * * LOW HITPOINT WARNING * * *
The orc hits you but does no damage.
The orc wizard gestures at you while chanting.
The magic dart hits you.
* * * LOW HITPOINT WARNING * * *
You scratch the orc wizard but do no damage.
The orc warrior hits you with a +0 glaive!
You die...

...............###########.#....#
......................(.)).#....#
####....####..########()#########
# ##....###.......[)..## ##. #
###...##..........## ###..
#...........)..########.... ####
###............##.......#.#
##.####........o.....##.#######..
...............o@)...............
##.............o.............###.
#...............................
##.......##......................
.....#.####.#..).....#.##..#####.
.......###..#..........#..## #.
#..........................# #.
#....#####......##....#.#### #.
#....###....#.######....# ##


You could see an orc warrior, an orc wizard and an orc.

Vanquished Creatures
  Gastronok (D:10)
  A fire dragon (Lair:6)
  3 hydras
  A boulder beetle (Lair:6)
  An ice dragon (Lair:6)
  4 two-headed ogres
  2 bog bodies (Lair:4)
  A swamp dragon (Lair:6)
  3 lindwurms
  Pikel (D:5)
  2 orc knights (Bailey)
  A manticore (D:11)
  A cyclops (D:11)
  3 elephants
  3 black mambas
  5 torpor snails (Lair:6)
  14 cane toads
  An unseen horror (D:11)
  9 komodo dragons
  4 rime drakes
  A troll (D:9)
  3 tyrant leeches (Lair:6)
  8 hornets
  3 polar bears
  7 blink frogs
  4 dream sheep (Lair:5)
  2 shadows (D:11)
  6 wyverns
  24 yaks
  4 steam dragons
  6 basilisks
  2 vampire mosquitoes (D:11)
  3 acid dragons
  20 water moccasins
  3 swamp drakes (Lair:6)
  6 black bears
  9 orc warriors
  3 ice beasts
  An ogre (D:5)
  14 wolves
  8 centaurs
  2 phantoms
  3 kobold brigands
  16 bullfrogs
  A necrophage (D:6)
  3 gnoll sergeants
  4 scorpions
  15 killer bees
  5 electric eels
  3 howler monkeys
  The ghost of CInkIbrahim the Poker, a weakling GrGl (D:3)
  3 lava snakes (Lair:5)
  9 hounds
  A jelly (D:6)
  3 orc priests
  A gnoll shaman (D:8)
  Jessica (D:3)
  6 orc wizards
  8 iguanas
  4 hell rats (Lair:6)
  18 gnolls
  11 adders
  2 white imps (D:7)
  3 ufetubi (D:6)
  4 worms (D:2)
  2 dart slugs
  32 orcs
  5 ball pythons
  4 endoplasms
  4 giant cockroaches
  10 goblins
  3 hobgoblins
  39 kobolds
  A quokka (D:1)
  6 bats
  2 frilled lizards (D:1)
  8 rats
441 creatures vanquished.

Vanquished Creatures (others)
  24 fungi
  73 plants
97 creatures vanquished.

Grand Total: 538 creatures vanquished

Notes
Turn   | Place    | Note
-------+----------+-------------------------------------------
     0 | D:1      | Bruhh the Troll Gladiator began the quest for the Orb.
     0 | D:1      | Reached XP level 1. HP: 19/19 MP: 0/0
   112 | D:1      | Reached XP level 2. HP: 23/27 MP: 1/1
   151 | D:1      | Found a faded altar of an unknown god.
   269 | D:1      | Reached skill level 4 in Unarmed Combat
   581 | D:2      | Reached XP level 3. HP: 33/33 MP: 2/2
  1046 | D:3      | Reached XP level 4. HP: 41/41 MP: 3/3
  1049 | D:3      | Reached skill level 5 in Unarmed Combat
  1186 | D:3      | Noticed Jessica
  1191 | D:3      | Killed Jessica
  1192 | D:3      | Reached XP level 5. HP: 40/48 MP: 4/4
  1299 | D:3      | Found a runed translucent door.
  1299 | D:3      | Noticed CInkIbrahim's ghost (weakling GrGl)
  1767 | D:3      | Killed CInkIbrahim's ghost
  1768 | D:3      | Reached skill level 6 in Unarmed Combat
  2066 | D:4      | Found a transporter.
  2214 | D:4      | Found a transporter.
  2877 | D:5      | Entered Level 5 of the Dungeon
  2899 | D:5      | Noticed an ice beast
  2905 | D:5      | Reached XP level 6. HP: 55/55 MP: 5/5
  2911 | D:5      | Killed an ice beast
  2912 | D:5      | Reached skill level 7 in Unarmed Combat
  3045 | D:5      | Noticed an ice beast
  3062 | D:5      | Killed an ice beast
  3180 | D:5      | Reached skill level 8 in Unarmed Combat
  3248 | D:5      | Reached XP level 7. HP: 58/62 MP: 6/6
  3377 | D:5      | Noticed Pikel
  3393 | D:5      | Killed Pikel
  3394 | D:5      | Reached skill level 10 in Unarmed Combat
  3394 | D:5      | Reached XP level 8. HP: 68/72 MP: 7/7
  3923 | D:6      | Found a sparkling altar of Nemelex Xobeh.
  4182 | D:6      | Found an opulent altar of Gozag.
  4183 | D:6      | Found a bloodstained altar of Trog.
  4258 | D:6      | Reached XP level 9. HP: 41/85 MP: 8/8
  4261 | D:6      | Reached skill level 5 in Throwing
  4282 | D:6      | Reached skill level 5 in Fighting
  5161 | D:7      | Found Gemounit's Antique Weapon Shop.
  5201 | D:7      | Found a staircase to the Ecumenical Temple.
  5291 | Temple   | Entered the Ecumenical Temple
  6015 | D:8      | Reached XP level 10. HP: 97/100 MP: 9/9
  6642 | D:8      | Found Ahysu's Distillery.
  6649 | D:8      | Bought a potion of curing for 36 gold pieces
  6649 | D:8      | Bought a potion of heal wounds for 60 gold pieces
  6649 | D:8      | Bought a potion of might for 48 gold pieces
  6649 | D:8      | Bought a potion of haste for 120 gold pieces
  6878 | D:9      | Found a flagged portal.
  6889 | Bailey   | Entered a bailey
  6899 | Bailey   | Noticed an orc knight
  6947 | Bailey   | Noticed an orc knight
  7077 | Bailey   | Killed an orc knight
  7268 | Bailey   | Killed an orc knight
  7794 | D:9      | HP: 4/104 [killer bee (7)]
  8106 | D:9      | Found an iron altar of Okawaru.
  8736 | D:10     | Entered Level 10 of the Dungeon
  8736 | D:10     | Noticed a two-headed ogre
  8743 | D:10     | Killed a two-headed ogre
  8744 | D:10     | Reached XP level 11. HP: 113/113 MP: 10/10
  8786 | D:10     | Noticed Gastronok
  8799 | D:10     | Killed Gastronok
  8846 | D:10     | Found a portal to a secret trove of treasure.
  8919 | D:10     | Paralysed by a hornet for 1 turns
  8923 | D:10     | Paralysed by a hornet for 3 turns
  8925 | D:10     | HP: 5/115 [hornet (1)]
  8927 | D:10     | HP: 2/115 [hornet (6)]
  9031 | D:10     | Found a staircase to the Orcish Mines.
  9080 | D:10     | Noticed a two-headed ogre
  9083 | D:10     | Reached skill level 10 in Throwing
  9102 | D:10     | Killed a two-headed ogre
  9227 | D:10     | Found a shimmering blue altar of Sif Muna.
  9677 | D:11     | Noticed a two-headed ogre
  9698 | D:11     | Killed a two-headed ogre
  9699 | D:11     | Reached skill level 10 in Fighting
  9811 | D:11     | Noticed a two-headed ogre
  9815 | D:11     | Killed a two-headed ogre
  9934 | D:11     | Reached skill level 11 in Unarmed Combat
  9969 | D:11     | Found a staircase to the Lair.
 10355 | Lair:1   | Entered Level 1 of the Lair of Beasts
 10387 | Lair:1   | Reached XP level 12. HP: 126/126 MP: 11/11
 11240 | Lair:2   | Reached skill level 12 in Unarmed Combat
 12269 | Lair:3   | Found a basalt altar of Yredelemnul.
 12836 | Lair:4   | Noticed a four-headed hydra
 12845 | Lair:4   | Killed a four-headed hydra
 13072 | Lair:4   | Found a hole to the Spider Nest.
 13115 | Lair:4   | Reached skill level 13 in Unarmed Combat
 13138 | Lair:4   | Noticed an eight-headed hydra
 13145 | Lair:4   | Killed an eight-headed hydra
 13217 | Lair:4   | Found a staircase to the Swamp.
 13302 | Lair:4   | Reached XP level 13. HP: 124/133 MP: 12/12
 13673 | Lair:5   | Found a staircase to the Slime Pits.
 14326 | D:6      | Became a worshipper of Trog the Wrathful
 15329 | Lair:6   | Entered Level 6 of the Lair of Beasts
 15344 | Lair:6   | Reached * piety under Trog
 15345 | Lair:6   | Reached skill level 14 in Unarmed Combat
 16197 | Lair:6   | Found a runed translucent door.
 16407 | Lair:6   | Reached ** piety under Trog
 16593 | Lair:6   | Noticed a fire dragon
 16620 | Lair:6   | Killed a fire dragon
 16780 | Lair:6   | Reached skill level 15 in Unarmed Combat
 17314 | Lair:6   | Paralysed by a hornet for 2 turns
 17319 | Lair:6   | Paralysed by a hornet for 2 turns
 17323 | Lair:6   | Paralysed by a hornet for 3 turns
 17327 | Lair:6   | HP: 6/133 [poisoned by a hornet]
 17499 | Lair:6   | Paralysed by a hornet for 3 turns
 17595 | Lair:6   | HP: 6/133 [torpor snail (3)]
 18062 | Orc:1    | Entered Level 1 of the Orcish Mines
 18086 | D:10     | Slain by an orc warrior

Illustrated notes

Levels and vault maps discovered:
D:1:      evilmike_arrival_plus, layout_rooms, shapermc_ecumenical_altar_ellora
D:2:      layout_rooms, nicolae_figureground_sparkle
D:3:      layout_loops_ring, ebering_ghost_sewer_d, uniq_jessica
D:4:      gammafunk_steamed_eel, layout_layer_cave
D:5:      layout_loops_ring, uniq_pikel
D:6:      layout_loops_ring, nemelex_spade_bored_becter,
          mainiacjoe_overflow_large_starburst, minmay_quadrilaterals
D:7:      layout_basic, minmay_temple_entry_arrows, serial_shops,
          shop_fountains, grunt_ministairs_15
D:8:      layout_cave_pools, serial_shops, shop, nicolae_grassy_gnolls
D:9:      layout_irregular_city, mainiacjoe_overflow_surrounded_room,
          enter_bailey_3
D:10:     layout_rooms, led_sif_pool, orc_david_3, enter_trove_0, uniq_gastronok
D:11:     layout_rooms, minmay_lair_entry_grove
Temple:   minmay_crystal_spiral_temple
Lair:1:   layout_loops_ring, beast_lair_carwin_5
Lair:2:   layout_misc_corridors, lemuel_fruit_fields, grunt_megastairs_5,
          infiniplex_staircase_pool
Lair:3:   beast_lair_carwin_large_3, layout_cave_pods, basic_altar, minivault_27
Lair:4:   layout_long_grid, skrybe_swamp_entry_bodies,
          spider_nest_entry_web_field
Lair:5:   layout_cellular_growth, slime_dummy, minivault_25,
          nicolae_lair_liquid_snakes
Lair:6:   wormcave, layout_layer_cave, guppyfry_lair_end_dragon,
          serial_bayou_shore_a, lemuel_fruit_tree, grunt_megastairs_2
Orc:1:    layout_caves

Skill      XL: |  1  2  3  4  5  6  7  8  9 10 11 12 13 |
---------------+----------------------------------------+-----
Unarmed Combat | 4 5 6 8 10 11 13 15 | 15.0
Fighting       | 2 4 6 8 10 | 10.0
Throwing       | 2 4 7 9 11 12 14 | 14.8
Dodging        | |  2.4

Action                   |  1- 3 |  4- 6 |  7- 9 | 10-12 | 13-15 || total
-------------------------+-------+-------+-------+-------+-------++-------
Melee: Unarmed           |    99 |    90 |   196 |   410 |   230 ||  1025
       Punch             |     3 |     1 |    15 |    22 |    19 ||    60
Throw: Boomerang         |       |       |       |   339 |   173 ||   512
       Javelin           |       |       |       |     6 |     4 ||    10
       Large rock        |       |       |       |     1 |     4 ||     5
       Throwing net      |       |       |       |     1 |     2 ||     3
       Dart              |       |       |       |     1 |       ||     1
Invok: Trog's Hand       |       |       |       |       |     2 ||     2
       Berserk           |       |       |       |       |     1 ||     1
  Use: Scroll            |       |     3 |     5 |    10 |     6 ||    24
       Potion            |       |     1 |       |    13 |     6 ||    20
 Stab: Sleeping          |     1 |       |     2 |       |       ||     3
       Held in net/web   |       |       |       |       |     3 ||     3
Armor: Robe              |    43 |    17 |    37 |    42 |       ||   139
       Skin              |       |       |       |    45 |     8 ||    53
       Steam dragon scal |       |       |       |    99 |    75 ||   174
       Fire dragon scale |       |       |       |       |    27 ||    27
Dodge: Dodged            |    47 |    34 |    75 |   235 |   107 ||   498

Table legend: (Time is in decaauts)
 A = Elapsed time spent in this place.
 B = Non-inter-level travel time spent in this place.
 C = Inter-level travel time spent in this place.
 D = Time resting spent in this place.
 E = Time spent auto-exploring this place.
 F = Levels seen in this place.
 G = Mean time per level.
                   A        B        C        D        E       F      G
               +--------+--------+--------+--------+--------+-----+--------+
         Total |  17876 |  16633 |   1243 |   1271 |  12288 |  20 |  893.8 |
       Dungeon |   9782 |   8981 |    801 |    609 |   6657 |  11 |  889.3 |
        Temple |    211 |    128 |     83 |      0 |    112 |   1 |  211.0 |
          Lair |   7253 |   6895 |    358 |    639 |   5141 |   6 | 1208.8 |
  Orcish Mines |     16 |     16 |      0 |      0 |      0 |   1 |   16.0 |
        Bailey |    612 |    612 |      0 |     22 |    377 |   1 |  612.0 |
               +--------+--------+--------+--------+--------+-----+--------+

Top non-repeatable levels by time:
  Lair:6: 2257 daAuts
  Lair:5: 1634 daAuts
     D:9: 1334 daAuts
     D:6: 1155 daAuts
     D:4: 1002 daAuts
     D:8: 998 daAuts
  Lair:3: 934 daAuts
    D:10: 923 daAuts
     D:5: 910 daAuts
     D:3: 851 daAuts
  Lair:1: 826 daAuts
  Lair:4: 821 daAuts
     D:7: 813 daAuts
  Lair:2: 780 daAuts
    D:11: 768 daAuts
